 Dungeon Crawl Stone Soup version 0.30.0-5-g1a98f26d00 (webtiles) character file.

Game seed: 6187479220241161262

158 voltaire321 the Magician (level 5, -3/28 HPs)
             Began as a Deep Elf Earth Elementalist on May 10, 2023.
             Killed by divine providence
             ... invoked by an orc priest
              (16 damage)
             ... on level 3 of the Dungeon.
             The game lasted 00:06:35 (2098 turns).

voltaire321 the Magician (DEEE)                     Turns: 2098, Time: 00:06:36

Health: -3/28      AC:  3    Str:  7    XL:     5   Next: 16%
Magic:  12/13      EV: 13    Int: 20    God:
Gold:   87         SH:  0    Dex: 15    Spells: 6/12 levels left

rFire   . . .        o - +1 dagger (drain)
rCold   . . .        (no shield)
rNeg    . . .        h - +0 robe {Will+}
rPois   .            (no helmet)
rElec   .            (no cloak)
rCorr   +            (no gloves)
SInv    .            n - +0 pair of boots
Will    +....        (no amulet)
Stlth   ++           j - ring of resist corrosion
HPRegen 0.24/turn    (no ring)
MPRegen 0.13/turn

%: no passive effects
@: no status effects
A: no striking features
a: no special abilities


You were on level 3 of the Dungeon.
You visited 1 branch of the dungeon, and saw 3 of its levels.

You collected 87 gold pieces.

Inventory:

Hand Weapons
 o - a +1 dagger of draining (weapon)
Armour
 h - a +0 robe of willpower (worn)
 n - a +0 pair of boots (worn)
Jewellery
 j - a ring of resist corrosion (left hand)
Scrolls
 c - a scroll of magic mapping {unknown}
 f - a scroll of vulnerability {unknown}
 g - a scroll of fog {unknown}
 i - 4 scrolls of identify {unknown}
 k - a scroll of noise {unknown}
 l - a scroll of enchant weapon {unknown}
Potions
 a - a potion of flight {unknown}
 b - a potion of magic
 d - a potion of degeneration {unknown}
 e - a potion of curing {unknown}
 m - a potion of resistance {unknown}


   Skills:
 + Level 1.3 Armour
 + Level 3.5 Dodging
 - Level 2.7 Stealth
 + Level 4.2 Spellcasting
 + Level 1.5 Conjurations
 - Level 2.0 Transmutations
 + Level 4.1 Earth Magic


You had 6 spell levels left.
You knew the following spells:

 Your Spells              Type           Power      Damage    Failure   Level
a - Sandblast             Erth           40%        2d10      2%          1
b - Passwall              Tmut/Erth      13%        N/A       5%          2
c - Stone Arrow           Conj/Erth      30%        3d8       12%         3

Your spell library contained the following spells:

 Spells                   Type           Power      Damage    Failure   Level
 Cigotuvi's Dreadful Rot  Necr/Pois/Air  8%         N/A       19%         2
 Scorch                   Fire           8%         2d5       19%         2
 Ignite Poison            Fire/Tmut/Pois 6%         N/A       28%         3
 Petrify                  Tmut/Erth      16%        N/A       34%         4
 Call Canine Familiar     Summ           4%         N/A       36%         3
 Vhi's Electric Charge    Tloc/Air       8%         N/A       36%         3
 Animate Armour           Summ/Erth      24%        N/A       47%         4
 Arcjolt                  Conj/Air       3%         1d13      94%         5
 Fireball                 Conj/Fire      3%         3d4       94%         5
 Freezing Cloud           Conj/Ice/Air   3%         6-21      96%         5
 Plasma Beam              Fire/Air       2%         2x1d13    100%        6
 Starburst                Conj/Fire      3%         6d3       100%        6


Dungeon Overview and Level Annotations

Branches:
Dungeon (3/15)

Altars:

Shops:
D:2 =   D:3 (


Message History

Aiming: Sandblast (safe; 2% risk of failure)
Press: ? - help, Q - select action, (/) - cycle Shift-Dir - straight line, f/p - hobgoblin
Aim: a hobgoblin (83% to hit)
The blast of sand hits the hobgoblin!
You kill the hobgoblin!
Things that are here:
a +0 dagger; a goblin corpse
Found Ytad Wokk's Antique Weapon Shop.
There is an entrance to Ytad Wokk's Antique Weapon Shop here.
c - a scroll labelled ROEDIR JURE A kobold comes into view.
It is wielding a +0 dagger.
Aiming: Sandblast (safe; 2% risk of failure)
Press: ? - help, Q - select action, (/) - cycle Shift-Dir - straight line, f - kobold
Aim: a kobold, wielding a +0 dagger and quivering stones (asleep, 100% to hit)
The blast of sand hits the kobold!
You kill the kobold!
Things that are here:
a +0 dagger; 2 stones; a kobold corpse You see here 6 stones.
You now have 87 gold pieces (gained 9).
Found a flail.
You see here a +0 flail. 2 orcs come into view.
The orc shouts!
You hear a shout! x2
An orc wizard comes into view. It is wielding a +0 dagger.
The orc shouts!
An orc priest comes into view. It is wielding a +0 hand axe.
Aiming: Sandblast (safe; 2% risk of failure)
Press: ? - help, Q - select action, (/) - cycle Shift-Dir - straight line, f - orc
Aim: an orc, wielding a +0 falchion (83% to hit)
The blast of sand hits the orc.
The orc is almost dead.
The orc wizard shouts loudly, as Orcs often do.
The orc priest invokes the aid of Beogh against you.
Beogh smites you!
Ouch! That really hurt!
The orc priest calls down the wrath of Beogh upon you.
Beogh smites you!
Ouch! That really hurt!
You die...

.# ##.# #..# #oo#
...## #.o# #... #..
...## #o#
#.#@############
.#......).......
#...##.####.####
##..#...###.#
##.......##.##
..............#######
###.......#.#........
.........##...#######
###.###.####.## #


You could see an orc priest, an orc wizard and 2 orcs.

Vanquished Creatures
  An orc priest (D:3)
  An orc wizard (D:3)
  3 adders
  A worm (D:2)
  2 dart slugs
  6 orcs
  2 ball pythons
  8 endoplasms
  2 giant cockroaches (D:2)
  4 goblins
  9 hobgoblins
  4 jackals (D:2)
  3 kobolds
  2 quokkas
  2 bats (D:1)
  7 frilled lizards
  4 rats
61 creatures vanquished.

Notes
Turn   | Place    | Note
-------+----------+-------------------------------------------
     0 | D:1      | voltaire321 the Deep Elf Earth Elementalist began the quest
                  | for the Orb.
     0 | D:1      | Reached XP level 1. HP: 10/10 MP: 6/6
   192 | D:1      | Reached XP level 2. HP: 15/15 MP: 5/8
   221 | D:1      | Learned a level 2 spell: Passwall
   860 | D:2      | Found a faded altar of an unknown god.
   949 | D:2      | Reached XP level 3. HP: 19/19 MP: 8/10
  1368 | D:2      | Got the Grimoire of Flame and the Swarm
  1382 | D:2      | Found Yrronom's Jewellery Emporium.
  1538 | D:3      | Reached XP level 4. HP: 24/24 MP: 9/11
  1539 | D:3      | Reached skill level 1 in Conjurations
  1550 | D:3      | Reached skill level 1 in Armour
  1705 | D:3      | Reached XP level 5. HP: 12/28 MP: 3/13
  1917 | D:3      | Learned a level 3 spell: Stone Arrow
  1979 | D:3      | Found Ytad Wokk's Antique Weapon Shop.
  2098 | D:3      | Killed from afar by an orc priest

Illustrated notes

Levels and vault maps discovered:
D:1:      lightli_molten_gateway, layout_basic, nicolae_kite_square_tiling_tiny,
          amcnicky_mini_corridor_feature
D:2:      layout_basic, shapermc_ecumenical_altar_pompeii, serial_shops,
          nicolae_shop_stone, kennysheep_generic_room_8
D:3:      layout_loops_ring, marbit_many_paths, serial_shops, shop

Skill      XL: |  1  2  3  4 |
---------------+-------------+-----
Dodging        | 3 |  3.5
Transmutations | 2 |  2.0
Conjurations   | 1 |  1.5
Armour         | 1 |  1.3
Earth Magic    | 4 |  4.1
Spellcasting   | 4 |  4.2
Stealth        | |  2.7

Action                     |  1- 3 |  4- 6 || total
---------------------------+-------+-------++-------
   Cast: Sandblast         |    59 |    37 ||    96
 Armour: Robe              |     1 |     1 ||     2
  Dodge: Dodged            |    15 |     5 ||    20
